 Dungeon Sprint DCSS version 0.28.0-43-g3370ac3207 (webtiles) character file.

Game seed: 16908290768156001413

19853 boopmooplesden the Executioner (level 12, -10/180 HPs)
             Began as a Minotaur Berserker on Mar 15, 2022.
             Was the Champion of Trog.
             Killed from afar by a fire giant (52 damage)
             ... with a bolt of fire
             ... in the Dungeon (Sprint I: "Red Sonja").
             The game lasted 00:13:45 (4342 turns).

boopmooplesden the Executioner (Minotaur Berserker) Turns: 4342, Time: 00:13:45

Health: -10/180    AC: 32    Str: 27    XL:     12   Next: 40%
Magic:  9/9        EV: 16    Int:  6    God:    Trog [******]
Gold:   1196       SH:  0    Dex: 18    Spells: 11/11 levels left

rFire   . . .      SeeInvis .   w - +9 battleaxe of the Wraith {vorpal, rElec rN+ Int+2}
rCold   . . .      Faith    .   (shield currently unavailable)
rNeg    + + .      Spirit   .   r - +8 pearl dragon scales "Ryecuon" {rN+ Str+4}
rPois   .          Reflect  .   y - +1 hat
rElec   +          Harm     .   v - +1 cloak {rCorr}
rCorr   +          Rampage  .   (no gloves)
Will    .....      Rage     1%  C - +2 pair of boots {Fly}
Stlth   .......... NoTele   +   (no amulet)
HPRegen 0.40/turn               k - +6 ring of dexterity
MPRegen 0.11/turn               (no ring)

@: berserking, flying, unable to read, very quick
A: horns 2, retaliatory headbutt, berserk 1, clumsy 1, frail 1, low MP 1,
screaming 1, subdued magic 1, inability to read while threatened
a: Renounce Religion, Berserk, Trog's Hand, Brothers in Arms


You were in the Dungeon.
You worshipped Trog.
Trog was exalted by your worship.
You visited 1 branch You collected 3934 gold pieces.
You spent 2738 gold pieces at shops.

Inventory:

Hand Weapons
 a - a +0 hand axe
 n - a +0 war axe
 q - a +5 executioner's axe of flaming
 w - the +9 battleaxe of the Wraith (weapon) {vorpal, rElec rN+ Int+2}
   (You bought it in a shop in the Dungeon)

   It inflicts extra damage upon your enemies.
   Int:       It affects your intelligence (+2).
   rElec:     It insulates you from electricity.
   rN:        It protects you from negative energy.
 z - the +8 mithril axe "Arga" {speed, Will+}
   (You bought it in a shop in the Dungeon)

   Attacks with this weapon are significantly faster.
   Will:      It increases your willpower.
Armour
 j - a +0 scale mail
 o - a +0 ring mail of positive energy
 p - a +2 chain mail of cold resistance
 r - the +8 pearl dragon scales "Ryecuon" (worn) {rN+ Str+4}
   (You found it in the Dungeon)

   Str:       It affects your strength (+4).
   rN:        It protects you from negative energy.
 v - a +1 cloak of preservation (worn)
 x - a +1 pair of boots
 y - a +1 hat (worn)
 C - a +2 pair of boots of flying (worn)
Jewellery
 k - a +6 ring of dexterity (left hand)
 B - a ring of ice
Wands
 b - a wand of polymorph (5)
 i - a wand of charming (9)
Scrolls
 h - a scroll of blinking
 m - 2 scrolls of vulnerability
 t - 4 scrolls of identify
 D - a scroll of magic mapping {unknown}
Potions
 c - 3 potions of curing
 d - 2 potions of heal wounds
 e - a potion of haste
 f - 2 potions of magic
 g - a potion of berserk rage
 l - a potion of cancellation
 u - a potion of ambrosia {unknown}
 A - 2 potions of lignification {unknown}
Miscellaneous
 s - a condenser vane


   Skills:
 + Level 20.9 Fighting
 + Level 25.1 Axes
 + Level 15.5 Armour
 + Level 10.1 Dodging
 + Level 5.1 Stealth


You had 11 spell levels left.
You didn't know any spells.
Your spell library was empty.

Dungeon Overview and Level Annotations

Branches:
Dungeon (1/1)

Altars:
Cheibriados
Dithmenos
Elyvilon
Fedhas
Gozag
Hepliaklqana
Kikubaaqudgha
Makhleb
Nemelex Xobeh
Okawaru
Qazlal
Ru
Sif Muna
Trog
Uskayaw
Vehumet
Wu Jian
Xom
Yredelemnul
Zin
The Shining One
Jiyva
Lugonu

Shops:
D [((**:!*[[=(*:[*:?([:*


Innate Abilities, Weirdness & Mutations

You have a pair of horns on your head.
You reflexively headbutt those who attack you in melee.
You tend to lose your temper in combat.
You are clumsy. (Dex -2)
You are frail. (-10% HP)
Your magical capacity is low. (-10% MP)
You occasionally shout uncontrollably at your foes.
Your spells are a little easier to cast, but a little less powerful.
You sometimes lose the ability to read scrolls when taking damage.


Message History

HP restored.
You reach down and open the door.
There is an open door here.
A fire giant comes into view.
It is wielding a +1 great sword of flaming.
The fire giant shouts!
A fire giant comes into view.
It is wielding a +2 great sword of flaming.
The fire giant casts a spell at you.
The fireball explodes!
The fireball engulfs you!!!
The fire giant moves out of view.
You hear a shout! x2
A fire giant comes into view.
It is wielding a +2 great sword of flaming.
The fire giant shouts! x2
A red film seems to cover your vision as you go berserk!
You feel yourself moving faster!
You feel mighty! The fire giant casts a spell at you.
The bolt of fire hits the fire giant!
The fire giant resists.
The bolt of fire hits you!!!
You feel threatened and lose the ability to read scrolls!
A fire giant comes into view.
It is wielding a +1 great sword of flaming.
The fire giant shouts!
You cut the fire giant into ribbons!!!
The fire giant is severely wounded.
You chop the fire giant into pieces!!!
You kill the fire giant!
Trog accepts your kill.
Trog appreciates your killing of a magic user.
Your Axes skill increases to level 25!
Found 11 gold pieces and a trident.
Found 15 sling bullets, a scroll of immolation and a long brass wand.
You feel a strong urge to attack something.
The fire giant gestures at you while chanting.
The bolt of fire hits you!!
* * * LOW HITPOINT WARNING * * *
You cut the fire giant into ribbons!!! You headbutt the fire giant!
The fire giant is almost dead.
You completely miss the fire giant.
The fire giant is almost dead.
The fire giant casts a spell at you. The bolt of fire hits you!!!
You die...

###(###.#..###..###..#+###..≈#...
..'(∩##.#..####$.###...# ≈..##.§.
#######.##'#$$#[○#$###.# #...§
.....##.##(#....○○.$.#.# #..§.
......§§####....°....#.# ##...
.######.#(.'....°.####'# #...
.§).§.#§#####...###....# ##..
....§#§§#/)$#####)..#### ##)
....≈####(...CCC@.### ## ...≈≈#
?....##### .≈≈≈## ... ≈≈### .
##'### ###∩∩# ∩∩∩∩## #####


You could see 3 fire giants.

Vanquished Creatures
  A golden dragon (D)
  A fire giant (D)
  A shadow dragon (D)
  A lorocyproca (D)
  A hydra (D)
  2 centaur warriors (D)
  Sonja (D)
  A deep troll (D)
  A lindwurm (D)
  An oklob plant (D)
  8 shining eyes (D)
  2 merfolk sirens (D)
  A gargoyle (D)
  2 kobold demonologists (D)
  7 unseen horrors (D)
  4 demonic crawlers (D)
  A hellwing (D)
  2 hornets (D)
  A slime creature (D)
  Sigmund (D)
  13 hogs (D)
  A yak (D)
  2 redbacks (D)
  7 floating eyes (D)
  7 necrophages (D)
  An ogre (D)
  8 jellies (D)
  Ijyb (D)
80 creatures vanquished.

Vanquished Creatures (others)
  3 hornets (D)
  2 ballistomycete spores (D)
5 creatures vanquished.

Grand Total: 85 creatures vanquished

Notes
Turn   | Place    | Note
-------+----------+-------------------------------------------
     0 | D        | boopmooplesden the Minotaur Berserker began the quest for
                  | the Orb.
     0 | D        | Reached XP level 1. HP: 19/19 MP: 0/0
     1 | D        | Noticed Ijyb
    10 | D        | Killed Ijyb
    11 | D        | Reached skill level 5 in Fighting
    11 | D        | Reached skill level 5 in Axes
    11 | D        | Reached XP level 2. HP: 29/29 MP: 1/1
    55 | D        | Noticed an ogre
    57 | D        | HP: 2/43 [ogre/+0 giant spiked club (10)]
    59 | D        | Killed an ogre
    60 | D        | Reached skill level 8 in Axes
    60 | D        | Reached XP level 3. HP: 3/39 MP: 2/2
    60 | D        | Reached XP level 4. HP: 4/47 MP: 3/3
   444 | D        | Noticed Sigmund
   457 | D        | Killed Sigmund
   457 | D        | Reached ** piety under Trog
   458 | D        | Reached skill level 10 in Axes
   458 | D        | Reached skill level 5 in Armour
   458 | D        | Reached XP level 5. HP: 56/58 MP: 4/4
   552 | D        | Found a burning altar of Makhleb.
   552 | D        | Found a viscous altar of Jiyva.
   552 | D        | Found a shimmering altar of Xom.
   552 | D        | Found a corrupted altar of Lugonu.
   552 | D        | Noticed a slime creature
   559 | D        | Killed a slime creature
   560 | D        | Reached skill level 11 in Axes
   560 | D        | Reached skill level 5 in Dodging
   560 | D        | Reached XP level 6. HP: 68/68 MP: 5/5
   630 | D        | Noticed a kobold demonologist
   631 | D        | Noticed a floating eye
   631 | D        | Noticed a kobold demonologist
   632 | D        | Noticed a smoke demon
   633 | D        | Noticed a sixfirhy
   633 | D        | Noticed a soul eater
   633 | D        | Paralysed by a floating eye for 2 turns
   636 | D        | Killed a floating eye
   637 | D        | Reached skill level 12 in Axes
   637 | D        | Reached XP level 7. HP: 74/74 MP: 6/6
   641 | D        | Killed a kobold demonologist
   641 | D        | Reached *** piety under Trog
   642 | D        | Reached skill level 13 in Axes
   648 | D        | Killed a kobold demonologist
   649 | D        | Reached skill level 1 in Stealth
   649 | D        | Reached XP level 8. HP: 86/86 MP: 7/7
   760 | D        | Found an ornate altar of the Wu Jian Council.
   760 | D        | Found a shimmering blue altar of Sif Muna.
   762 | D        | Found a radiant altar of Vehumet.
   779 | D        | Found Ciuth's General Store.
   779 | D        | Found an ancient bone altar of Kikubaaqudgha.
   779 | D        | Found a hazy altar of Hepliaklqana.
   779 | D        | Found a stormy altar of Qazlal.
   779 | D        | Found a hide-covered altar of Uskayaw.
   779 | D        | Found a blossoming altar of Fedhas.
   779 | D        | Found a bloodstained altar of Trog.
   779 | D        | Found an iron altar of Okawaru.
   779 | D        | Found a basalt altar of Yredelemnul.
   779 | D        | Found a glowing golden altar of the Shining One.
   779 | D        | Found a snail-covered altar of Cheibriados.
   779 | D        | Found a sacrificial altar of Ru.
   779 | D        | Found a glowing silver altar of Zin.
   779 | D        | Found a shadowy altar of Dithmenos.
   779 | D        | Found a white marble altar of Elyvilon.
   792 | D        | Reached **** piety under Trog
   793 | D        | Reached skill level 14 in Axes
   793 | D        | Found an opulent altar of Gozag.
   794 | D        | Found a sparkling altar of Nemelex Xobeh.
  1090 | D        | Noticed a centaur warrior
  1092 | D        | Noticed a centaur warrior
  1103 | D        | Killed a centaur warrior
  1104 | D        | Reached skill level 15 in Axes
  1104 | D        | Reached skill level 10 in Armour
  1104 | D        | Killed a centaur warrior
  1105 | D        | Reached skill level 15 in Fighting
  1105 | D        | Reached skill level 16 in Axes
  1105 | D        | Reached XP level 9. HP: 52/97 MP: 8/8
  1346 | D        | Noticed an oklob plant
  1359 | D        | Killed an oklob plant
  1637 | D        | Noticed a deep troll
  1645 | D        | Killed a deep troll
  1646 | D        | Reached skill level 17 in Axes
  1657 | D        | Found Meroj's Armour Emporium.
  1661 | D        | Bought a +0 ring mail of positive energy for 96 gold pieces
  1727 | D        | Noticed Sonja
  1730 | D        | Killed Sonja
  1730 | D        | Reached ***** piety under Trog
  1731 | D        | Reached XP level 10. HP: 88/107 MP: 9/9
  1778 | D        | Found Ilil's Antique Armour Boutique.
  1786 | D        | Bought a shiny chain mail for 195 gold pieces
  1865 | D        | Reached skill level 18 in Axes
  1867 | D        | Noticed a gargoyle
  1875 | D        | Received a gift from Trog
  1878 | D        | Killed a gargoyle
  2004 | D        | Noticed a lindwurm
  2007 | D        | Killed a lindwurm
  2015 | D        | Received a gift from Trog
  2016 | D        | Reached skill level 19 in Axes
  2027 | D        | Reached ****** piety under Trog
  2028 | D        | Received a gift from Trog
  2298 | D        | Reached XP level 11. HP: 119/119 MP: 10/10
  2330 | D        | Reached skill level 20 in Axes
  2353 | D        | Received a gift from Trog
  2354 | D        | Reached skill level 15 in Armour
  2364 | D        | Received a gift from Trog
  2376 | D        | Identified the +8 pearl dragon scales "Ryecuon" {rN+ Str+4}
  2444 | D        | Noticed a shining eye
  2444 | D        | Noticed a shining eye
  2444 | D        | Noticed a shining eye
  2445 | D        | Noticed a shining eye
  2445 | D        | Noticed a shining eye
  2445 | D        | Noticed a shining eye
  2446 | D        | Paralysed by a floating eye for 3 turns
  2450 | D        | Gained mutation: Your spells are a little easier to cast,
                  | but a little less powerful. [a shining eye]
  2451 | D        | Gained mutation: You are frail. (-10% HP) [a shining eye]
  2452 | D        | Killed a shining eye
  2453 | D        | Reached skill level 21 in Axes
  2453 | D        | Gained mutation: Your magical capacity is low. (-10% MP) [a
                  | shining eye]
  2454 | D        | Killed a shining eye
  2454 | D        | Received a gift from Trog
  2454 | D        | Killed a shining eye
  2455 | D        | Killed a shining eye
  2455 | D        | Killed a shining eye
  2455 | D        | Gained mutation: You sometimes lose the ability to read
                  | scrolls when taking damage. [a shining eye]
  2456 | D        | Noticed a shining eye
  2456 | D        | Noticed a shining eye
  2458 | D        | Killed a shining eye
  2459 | D        | Reached skill level 22 in Axes
  2460 | D        | Gained mutation: You tend to lose your temper in combat. [a
                  | shining eye]
  2463 | D        | Gained mutation: You are clumsy. (Dex -2) [a shining eye]
  2465 | D        | Killed a shining eye
  2466 | D        | Received a gift from Trog
  2468 | D        | Gained mutation: You occasionally shout uncontrollably at
                  | your foes. [a shining eye]
  2472 | D        | Killed a shining eye
  2474 | D        | Found Issaduo's General Store.
  2474 | D        | Found Inaddid's Antique Weapon Emporium.
  2474 | D        | Found Bugutz's Book Boutique.
  2475 | D        | Found Zifud's Antique Weapon Shoppe.
  2492 | D        | Bought a scroll of identify for 26 gold pieces
  2492 | D        | Bought a scroll of enchant armour for 97 gold pieces
  2555 | D        | Found Vylixz Hutugh's Magic Scroll Boutique.
  2555 | D        | Found Adoyno's Book Emporium.
  2555 | D        | Found Umniajeoci's Antique Weapon Emporium.
  2557 | D        | Found Eschimm's Book Boutique.
  2557 | D        | Found Socw's Assorted Antiques.
  2557 | D        | Found Vaqiby's Antique Armour Shop.
  2557 | D        | Found Delixkesm's Book Emporium.
  2557 | D        | Found Toibatt's General Store.
  2557 | D        | Found Faog's Antique Weapon Shoppe.
  2557 | D        | Found Veakue's Jewellery Shop.
  2562 | D        | Bought a scroll of enchant armour for 82 gold pieces
  2563 | D        | Found Cugoele's Armour Emporium.
  2564 | D        | Found Faussot's Antique Armour Boutique.
  2564 | D        | Found Tamnucs's Assorted Antiques.
  2565 | D        | Found Obotizul's Distillery.
  2566 | D        | Bought an embroidered cloak for 202 gold pieces
  2578 | D        | Bought a crude battleaxe for 241 gold pieces
  2578 | D        | Identified the +9 battleaxe of the Wraith {vorpal, rElec
                  | rN+ Int+2} (You bought it in a shop in the Dungeon)
  2580 | D        | Bought a +0 pair of boots for 58 gold pieces
  2581 | D        | Bought a hat for 100 gold pieces
  2664 | D        | Noticed a daeva
  2681 | D        | Reached skill level 5 in Stealth
  2684 | D        | Reached skill level 23 in Axes
  2885 | D        | Noticed a 12-headed hydra
  2889 | D        | Killed a ten-headed hydra
  3066 | D        | Noticed a shadow dragon
  3066 | D        | Noticed a golden dragon
  3078 | D        | Killed a shadow dragon
  3079 | D        | Reached XP level 12. HP: 114/119 MP: 9/9
  3080 | D        | Killed a golden dragon
  3081 | D        | Reached skill level 24 in Axes
  3215 | D        | Found Rygg's General Store.
  3232 | D        | Bought the +8 mithril axe "Arga" {speed, Will+} for 775
                  | gold pieces
  3232 | D        | Found the +8 mithril axe "Arga" {speed, Will+}
  3279 | D        | Noticed a deep elf annihilator
  3288 | D        | Received a gift from Trog
  3294 | D        | Identified the +10 spear of the Living Dead {freeze,
                  | Stlth+}
  3460 | D        | Bought a scroll of identify for 22 gold pieces
  3460 | D        | Bought a scroll of identify for 22 gold pieces
  3460 | D        | Bought a scroll of identify for 22 gold pieces
  3460 | D        | Bought a scroll of identify for 22 gold pieces
  3465 | D        | Bought 2 sedimented puce potions for 45 gold pieces
  3465 | D        | Bought a potion of heal wounds for 125 gold pieces
  3472 | D        | Bought a ring of ice for 300 gold pieces
  3473 | D        | Bought a +2 pair of boots of flying for 279 gold pieces
  3486 | D        | Bought a scroll labelled BIUFUE XEADWU for 29 gold pieces
  3600 | D        | Killed a lorocyproca
  3600 | D        | Received a gift from Trog
  3601 | D        | Reached skill level 10 in Dodging
  4332 | D        | Noticed a fire giant
  4334 | D        | Noticed a fire giant
  4335 | D        | Noticed a fire giant
  4336 | D        | Noticed a fire giant
  4338 | D        | Killed a fire giant
  4339 | D        | Reached skill level 25 in Axes
  4342 | D        | Killed from afar by a fire giant

Illustrated notes

Levels and vault maps discovered:
D:        dungeon_sprint_1 [red_sonja_temple_1, red_sonja_temple_small_1]

Skill      XL: |  1  2  3  4  5  6  7  8  9 10 11 12 |
---------------+-------------------------------------+-----
Fighting       | 5 7 9 11 13 15 16 18 20 | 20.9
Axes           | 5 8 10 11 12 13 16 17 19 23 25 | 25.1
Armour         | 3 4 5 6 7 8 11 12 14 15 | 15.5
Dodging        | 3 4 5 6 7 8 9 10 | 10.1
Stealth        | 1 2 5 |  5.1

Action                   |  1- 3 |  4- 6 |  7- 9 | 10-12 || total
-------------------------+-------+-------+-------+-------++-------
Melee: Hand axe          |    11 |    19 |    47 |       ||    77
       Headbutt          |       |       |    19 |    22 ||    41
       Punch             |       |       |     2 |       ||     2
       War axe           |       |       |     8 |    17 ||    25
       Executioner's axe |       |       |       |    60 ||    60
       Battleaxe         |       |       |       |    37 ||    37
Invok: Berserk           |     2 |     3 |     5 |     6 ||    16
  Use: Scroll            |       |       |       |     6 ||     6
 Stab: Sleeping          |       |       |       |     3 ||     3
Armor: Scale mail        |       |     2 |    13 |       ||    15
       Ring mail         |       |       |       |    17 ||    17
       Pearl dragon scal |       |       |       |    93 ||    93
Dodge: Dodged            |     4 |       |    21 |    71 ||    96
